 Dungeon Crawl Stone Soup version 0.30.1-3-gfc49f6343a (webtiles) character file.

Game seed: 4739163197947163797

6165 H0rd4k the Covert (level 10, -2/65 HPs)
             Began as an Octopode Artificer on Aug 4, 2023.
             Was an Initiate of Gozag.
             Slain by an orc warrior
             ... wielding a +0 long sword
              (6 damage)
             ... on level 8 of the Dungeon.
             The game lasted 00:17:07 (8980 turns).

H0rd4k the Covert (Octopode Artificer)              Turns: 8980, Time: 00:17:07

Health: -2/65      AC:  1    Str:  9 (11) XL:     10   Next: 90%
Magic:  17/17      EV: 21    Int: 22 (24) God:    Gozag
Gold:   1504       SH:  0    Dex: 14 (15) Spells: 15/19 levels left

rFire   + .          .
                       - Unarmed
rCold   x . .        (no shield)
rNeg    + . .        (helmet restricted)
rPois   .            (no amulet)
rElec   .            f - +5 ring of evasion
rCorr   .            l - ring of Ofuafak {rN+ Int+6 Dex+2}
SInv    .            e - ring of fire
Will    .....        (no ring)
Stlth   +++++        (no ring)
HPRegen 0.30/turn    (no ring)
MPRegen 0.15/turn    (no ring)
                     (no ring)

%: no passive effects
@: gold aura
A: almost no armour, amphibious, 8 rings, camouflage 1, gelatinous body 1,
(nimble swimmer 1), tentacles
a: Renounce Religion, Potion Petition, Call Merchant, Bribe Branch


You were on level 8 of the Dungeon.
You worshipped Gozag.
Gozag was most pleased with you.
You visited 1 branch of the dungeon, and saw 9 of its levels.
You also visited: Sewer and Ossuary.

You collected 1558 gold pieces.
You paid 54 gold pieces to Gozag.

Inventory:

Hand Weapons
 n - a +4 spectral dagger
Missiles
 c - 15 poisoned darts
Armour
 m - a +2 cloak
Jewellery
 e - a ring of fire (on tentacle)
 f - a +5 ring of evasion (left tentacle)
 l - the ring of Ofuafak (right tentacle) {rN+ Int+6 Dex+2}
   (You acquired it in an ossuary)

   [ring of intelligence]

   Int:       It affects your intelligence (+6).
   Dex:       It affects your dexterity (+2).
   rN:        It protects you from negative energy.
Wands
 s - a wand of mindburst (2)
 w - a wand of quicksilver (5)
Scrolls
 d - a scroll of vulnerability
 h - 2 scrolls of brand weapon
 i - a scroll of poison
 j - 4 scrolls of amnesia
 k - 4 scrolls of enchant armour
 p - a scroll of fear
 q - a scroll of magic mapping
 r - 3 scrolls of teleportation
 v - 3 scrolls of immolation
 y - a scroll of enchant weapon
 z - a scroll of identify
Potions
 a - 4 potions of haste
 b - 4 potions of flight
 g - 2 potions of attraction
 o - 5 potions of degeneration
 t - 3 potions of might
 u - 2 potions of mutation {unknown}
 x - a potion of heal wounds {unknown}
 A - a potion of curing {unknown}
 B - a potion of lignification


   Skills:
 + Level 4.4 Fighting
 + Level 7.0 Dodging
 + Level 9.9 Stealth
 + Level 8.5 Unarmed Combat
 * Level 5.0 Spellcasting
 * Level 5.6 Transmutations
 * Level 5.5 Earth Magic
 + Level 5.9 Evocations


You had 15 spell levels left.
You knew the following spells:

 Your Spells              Type           Power      Damage    Failure   Level
a - Petrify               Tmut/Erth      30%        N/A       10%         4

Your spell library contained the following spells:

 Spells                   Type           Power      Damage    Failure   Level
 Slow                     Hex            20%        N/A       10%         1
 Sublimation of Blood     Necr           5%         N/A       16%         2
 Confusing Touch          Hex            5%         N/A       30%         3
 Vampiric Draining        Necr           5%         2d6       30%         3
 Irradiate                Conj/Tmut      8%         3d14      65%         5


Dungeon Overview and Level Annotations

Branches:
Dungeon (9/15)             Temple (0/1) D:7           Sewer (visited)
Ossuary (visited)
   Lair: D:8-11         Orc: D:9-12

Altars:
Cheibriados
Gozag
Nemelex Xobeh
Qazlal
Sif Muna
Uskayaw
Vehumet
Wu Jian
Zin

Annotations:
D:4 exclusion: downstairs
D:6 2 transporters
D:7 4 runed translucent doors, exclusion: 4 doors, Crazy Yiuf; kalagan's ghost, novice DECj
D:8 5 runed translucent doors, Pikel; aeroqp's ghost, novice FoEE
D:9 Erica


Innate Abilities, Weirdness & Mutations

You cannot wear most types of armour.
You are amphibious.
You can wear up to eight rings at the same time.
Your skin changes colour to match your surroundings (Stealth+).
Your rubbery body absorbs attacks. (AC +1, EV +1)
((You are camouflaged when in or above water. (Stealth+)))
You have tentacles for arms and can constrict up to eight enemies at once.


Message History

The bullfrog barely misses you.
You completely miss the bullfrog. You grab the bullfrog.
The bullfrog is moderately wounded.
You constrict the bullfrog. The bullfrog closely misses you.
You tentacle-slap the bullfrog.
The bullfrog is heavily wounded.
You constrict the bullfrog. The bullfrog completely misses you.
The white imp gestures at you. The puff of frost hits you!
You feel a terrible chill!
You tentacle-slap the bullfrog.
The bullfrog is almost dead.
You constrict the bullfrog. The bullfrog barely misses you.
The white imp completely misses you. The bullfrog closely misses you.
You bludgeon the bullfrog!
You kill the bullfrog!
The white imp hits you. The white imp freezes you.
You feel a terrible chill!
You tentacle-slap the orc warrior but do no damage.
Your grab misses the orc warrior. You squeeze the orc warrior.
The orc warrior is lightly wounded.
The white imp barely misses you.
The orc warrior hits you with a +0 long sword!
The white imp gestures at you. The puff of frost misses you.
The orc warrior hits you with a +0 long sword!
* * * LOW HITPOINT WARNING * * *
Aeroqp's ghost is distracted by your dazzling golden aura.
The white imp gestures at you. The puff of frost hits you!
You feel a terrible chill!
* * * LOW HITPOINT WARNING * * *
Okay, then.
Okay, then.
Aiming: Quicksilver Bolt
Press: ? - help, Shift-Dir - straight line, f - orc warrior
Aim: an orc warrior, wielding a +0 long sword and wearing a +0 plate armour (lightly wounded, 74% to hit)
The bolt of dispelling energy hits the orc warrior!!
The orc warrior is severely wounded.
An orc comes into view.
It is wielding a +1 short sword of venom.
The orc warrior hits you with a +0 long sword.
You die...
Your body crumbles into a pile of gold.

#.....#..............
#....................
#..<..#.####......... #..
#.......# #######...
#..##......## ###...
#..#####....#### ##..... #..#
#.#.....####..#... #..#
##.###.#.....)..... #..# #.@#
#........>....
######..####o#######....###...
...........5..................
........###$....).......######
..........o.............#
...........#.##...#+#...##
######...###.#...##.##...####
#.F.$# #....##W..##....[##
#.#... ....##.....##......


You could see an orc warrior, a white imp and an orc (wandering).

Vanquished Creatures
  Maggie (D:7)
  Prince Ribbit (D:7)
  Sigmund (D:5)
  2 water moccasins (D:7)
  A sky beast (D:7)
  Pargi (Sewer)
  2 black bears
  2 orc warriors (D:6)
  3 centaurs
  A lemure (D:8)
  2 phantoms
  A gnoll sergeant (D:6)
  4 bullfrogs
  A scorpion (D:5)
  2 water moccasin zombies (Ossuary)
  3 howler monkeys (D:7)
  A jelly (D:7)
  2 quasits (D:5)
  3 gnoll boudas
  2 orc priests
  9 hounds
  5 iguanas
  4 orc wizards
  A sleepcap (D:7)
  3 mummies
  23 gnolls
  11 adders
  2 shadow imps
  3 white imps (D:5)
  4 ufetubi (D:5)
  5 adder zombies (Ossuary)
  2 worms (D:3)
  5 dart slugs
  19 orcs
  13 ball pythons
  7 bats
  12 endoplasms
  3 giant cockroaches
  8 hobgoblins
  10 frilled lizards
  5 gnoll zombies (Ossuary)
  5 goblins
  A goblin zombie (D:7)
  2 hobgoblin zombies (Ossuary)
  8 kobolds
  9 kobold zombies
  4 orc zombies (Ossuary)
  6 rats
225 creatures vanquished.

Vanquished Creatures (collateral kills)
  An ogre (D:4)
  A scorpion (D:4)
  A gnoll bouda (D:5)
  A hound (D:5)
  An adder (D:3)
  A gnoll (D:5)
  A shadow imp (D:5)
7 creatures vanquished.

Vanquished Creatures (others)
  A centaur (D:5)
  An orc priest (D:5)
  2 hounds (D:4)
  A gnoll (D:4)
  2 adders
7 creatures vanquished.

Grand Total: 239 creatures vanquished

Notes
Turn   | Place    | Note
-------+----------+-------------------------------------------
     0 | D:1      | H0rd4k the Octopode Artificer began the quest for the Orb.
     0 | D:1      | Reached XP level 1. HP: 13/13 MP: 1/1
   221 | D:1      | Reached XP level 2. HP: 11/18 MP: 2/2
   671 | D:2      | Found a faded altar of an unknown god.
   677 | D:2      | Reached XP level 3. HP: 23/23 MP: 3/3
  1184 | D:2      | Reached skill level 2 in Stealth
  1219 | D:2      | Reached skill level 1 in Unarmed Combat
  1372 | D:3      | Reached XP level 4. HP: 28/28 MP: 4/4
  1731 | D:3      | Found a glowing drain.
  1740 | Sewer    | Entered a sewer
  1780 | Sewer    | Noticed Pargi
  1793 | Sewer    | Killed Pargi
  1794 | Sewer    | Reached skill level 3 in Stealth
  1794 | Sewer    | Reached XP level 5. HP: 23/33 MP: 5/5
  2070 | D:3      | Found an opulent altar of Gozag.
  2129 | D:3      | Became a worshipper of Gozag Ym Sagoz the Greedy
  2173 | D:3      | Reached skill level 4 in Stealth
  2277 | D:3      | Found a faded altar of an unknown god.
  2277 | D:3      | Found a radiant altar of Vehumet.
  2285 | D:3      | Found a faded altar of an unknown god.
  2287 | D:3      | Found an ornate altar of the Wu Jian Council.
  2289 | D:3      | Found a snail-covered altar of Cheibriados.
  2682 | D:4      | Reached XP level 6. HP: 30/38 MP: 6/6
  2838 | D:4      | Reached skill level 5 in Stealth
  2853 | D:4      | Found a glowing silver altar of Zin.
  2995 | D:4      | Reached XP level 7. HP: 38/43 MP: 7/7
  3202 | D:4      | Reached skill level 6 in Stealth
  3859 | D:5      | Entered Level 5 of the Dungeon
  4257 | D:5      | Reached skill level 5 in Unarmed Combat
  4257 | D:5      | Reached XP level 8. HP: 42/49 MP: 8/8
  4486 | D:5      | Noticed Sigmund
  4492 | D:5      | Reached skill level 7 in Stealth
  4492 | D:5      | Reached skill level 5 in Evocations
  4493 | D:5      | Identified the +1 plate armour of Compassion {MP+9 Stlth+}
  4501 | D:5      | Killed Sigmund
  5451 | D:6      | Reached skill level 5 in Dodging
  5578 | D:6      | Found a transporter.
  5732 | D:6      | Reached XP level 9. HP: 25/54 MP: 9/9
  5757 | D:6      | Found a stormy altar of Qazlal.
  5883 | D:6      | Learned a level 4 spell: Petrify
  6165 | D:7      | Reached skill level 1 in Earth Magic
  6173 | D:7      | HP: 3/82 [something/magic dart (12)]
  6211 | D:7      | Found a staircase to the Ecumenical Temple.
  6247 | D:7      | Found a runed translucent gate.
  6247 | D:7      | Found a runed translucent gate.
  6269 | D:7      | Noticed Maggie
  6271 | D:7      | Found a sand-covered staircase.
  6278 | D:7      | Reached skill level 8 in Stealth
  6278 | D:7      | Reached skill level 1 in Transmutations
  6289 | D:7      | Reached skill level 1 in Spellcasting
  6294 | D:7      | Reached skill level 9 in Stealth
  6294 | D:7      | Reached skill level 5 in Transmutations
  6294 | D:7      | Reached skill level 5 in Earth Magic
  6294 | D:7      | Reached XP level 10. HP: 28/65 MP: 10/17
  6305 | D:7      | Killed Maggie
  6329 | Ossuary  | Entered an ossuary
  6641 | Ossuary  | Identified a scroll of acquirement
  6641 | Ossuary  | Acquired the ring of Ofuafak {rN+ Int+6 Dex+2}
  6746 | D:7      | Found a runed translucent gate.
  6777 | D:7      | Found a hide-covered altar of Uskayaw.
  6778 | D:7      | Found a sparkling altar of Nemelex Xobeh.
  6779 | D:7      | Found a shimmering blue altar of Sif Muna.
  6784 | D:7      | Noticed kalagan's ghost (novice DECj)
  7096 | D:7      | Noticed Prince Ribbit
  7111 | D:7      | Reached skill level 5 in Spellcasting
  7711 | D:6      | Found a transporter.
  7910 | D:7      | Killed Prince Ribbit
  8190 | D:7      | Found a runed translucent door.
  8191 | D:7      | Noticed Crazy Yiuf
  8333 | D:8      | Found a runed translucent door.
  8446 | D:8      | Noticed aeroqp's ghost (novice FoEE)
  8534 | D:8      | You fall into a shaft and drop 1 floor!
  8714 | D:9      | Noticed Erica
  8872 | D:8      | Found a large runed translucent door.
  8872 | D:8      | Found a large runed translucent door.
  8875 | D:8      | Noticed a rakshasa
  8876 | D:8      | Noticed a shock serpent
  8883 | D:8      | Found a large runed translucent door.
  8883 | D:8      | Found a large runed translucent door.
  8897 | D:8      | Noticed Pikel
  8980 | D:8      | Slain by an orc warrior

Illustrated notes

Levels and vault maps discovered:
D:1:      lemuel_arrival_funnel, layout_loops_ring, minmay_domino_2
D:2:      layout_rooms, nicolae_ecumenical_snake_handling
D:3:      layout_basic, nicolae_gozag_cash_rules_everything_around_me,
          chequers_temple_overflow_minitemple, cheibrodos_sewer_entry_bend,
          kennysheep_generic_room_3
D:4:      minmay_chambers_of_threes, layout_loops_ring,
          nicolae_overflow_crystal_walls
D:5:      layout_rooms, serial_demonic, serial_demonic_a, serial_demonic_f,
          serial_demonic_a, serial_demonic_d, serial_demonic_f,
          serial_demonic_b, roderic_cross_of_infinity, uniq_sigmund
D:6:      gammafunk_cloud_chamber, layout_basic,
          nicolae_qazlal_scattered_showers, nicolae_titane
D:7:      layout_rooms, chequers_temple_overflow_statue_of_worship,
          minmay_temple_entry_ruins, gammafunk_ghost_icy,
          nicolae_ossuary_entry_giza, kb_lookout_dungeons_type,
          uniq_prince_ribbit1, uniq_crazy_yiuf_cottage, uniq_maggie
D:8:      layout_rooms, hellmonk_ghost_happy_afterlife,
          minmay_hollow_rounded_squares, uniq_pikel
D:9:      layout_cave_pods, uniq_harold, uniq_erica

Skill      XL: |  1  2  3  4  5  6  7  8  9 10 |
---------------+-------------------------------+-----
Dodging        | 3 4 5 6 7 |  7.0
Evocations     | 4 5 |  5.9
Stealth        | 2 3 4 5 6 7 9 |  9.9
Unarmed Combat | 1 2 3 5 6 8 |  8.5
Fighting       | 2 4 |  4.4
Earth Magic    | 5 |  5.5
Transmutations | 5 |  5.6
Spellcasting   | 4 5 |  5.0

Action                     |  1- 3 |  4- 6 |  7- 9 | 10-12 || total
---------------------------+-------+-------+-------+-------++-------
  Melee: Unarmed           |    98 |    95 |   225 |   187 ||   605
         Tentacles         |    22 |    20 |    66 |    54 ||   162
         Constrict         |    36 |    23 |    54 |    46 ||   159
         Punch             |     1 |     3 |     6 |    18 ||    28
  Evoke: Wand              |     1 |     9 |    36 |    10 ||    56
    Use: Scroll            |       |     8 |     6 |     4 ||    18
         Potion            |       |       |     3 |     5 ||     8
   Stab: Sleeping          |     9 |    14 |     8 |     8 ||    39
         Distracted        |     1 |       |     2 |       ||     3
         Invisible         |       |       |       |     3 ||     3
 Armour: Skin              |    10 |    12 |     6 |     8 ||    36
  Dodge: Dodged            |    54 |    74 |   249 |   168 ||   545
